 Dungeon Crawl Stone Soup version 0.31.0-11-ge490571c62 (webtiles) character file.

Game seed: 9195616163629017674

112 qw the Skirmisher (level 4, 0/25 HPs)
             Began as a Deep Elf Hunter on Feb 3, 2024.
             Slain by a gnoll
             ... wielding a +0 heavy spear
              (10 damage)
             ... on level 3 of the Dungeon.
             The game lasted 00:00:06 (1866 turns).

qw the Skirmisher (Deep Elf Hunter)                 Turns: 1866, Time: 00:00:06

Health: 0/25       AC:  6    Str: 10    XL:     4   Next: 63%
Magic:  6/6        EV: 12    Int: 14    God:
Gold:   94         SH:  0    Dex: 18    Spells: 3/3 levels left

rFire   . . .        a - +1 shortbow
rCold   . . .        (shield currently unavailable)
rNeg    . . .        c - +0 leather armour
rPois   .            (no helmet)
rElec   .            (no cloak)
rCorr   .            (no gloves)
SInv    .            i - +2 pair of boots
Will    .....        (no amulet)
Stlth   ++           (no ring)
HPRegen 0.24/turn    (no ring)
MPRegen 0.10/turn

%: no passive effects
@: no status effects
A: no striking features
a: no special abilities


You were on level 3 of the Dungeon.
You visited 1 branch of the dungeon, and saw 3 of its levels.

You collected 94 gold pieces.


   Skills:
 - Level 1.5 Fighting
 + Level 8.1 Ranged Weapons
 - Level 2.4 Dodging
 - Level 1.2 Stealth


You had 3 spell levels left.
You didn't know any spells.
Your spell library was empty.

Inventory:

Hand Weapons
 a - a +1 shortbow (weapon)
Armour
 c - a +0 leather armour (worn)
 i - a +2 pair of boots (worn)
Scrolls
 b - a scroll of blinking {unknown}
 d - a scroll of fear {unknown}
 g - 2 scrolls of identify
 h - a scroll of fog {unknown}
Potions
 e - a potion of mutation {unknown}
 f - a potion of curing

Dungeon Overview and Level Annotations

Branches:
Dungeon (3/15)

Altars:


Message History

You shoot an arrow. The arrow hits the gnoll.
The gnoll is moderately wounded.
You shoot an arrow. The arrow hits the gnoll.
The gnoll is heavily wounded.
The gnoll hits you from afar with a +0 spear.
You shoot an arrow. The arrow closely misses the gnoll.
The arrow hits the gnoll but does no damage.
The gnoll closely misses you.
The gnoll hits you from afar with a +0 spear.
You shoot an arrow. The arrow hits the gnoll.
The gnoll is almost dead.
The gnoll misses you.
You shoot an arrow.
The arrow hits the gnoll but does no damage.
The gnoll closely misses you. The gnoll barely misses you.
You shoot an arrow.
The arrow hits the gnoll but does no damage.
The gnoll hits you from afar with a +0 spear.
The gnoll hits you but does no damage.
You shoot an arrow. The arrow hits the gnoll.
The gnoll is heavily wounded.
The gnoll barely misses you.
The gnoll hits you from afar with a +0 spear.
The gnoll completely misses you.
You shoot an arrow. The arrow closely misses the gnoll.
The gnoll hits you but does no damage. The gnoll barely misses you.
The gnoll hits you from afar with a +0 heavy spear.
You shoot an arrow. The arrow hits the gnoll.
The gnoll is almost dead.
The gnoll barely misses you. The gnoll closely misses you.
You shoot an arrow. The arrow hits the gnoll!
You kill the gnoll!
The gnoll hits you from afar with a +0 heavy spear.
The gnoll barely misses you.
Your Ranged Weapons skill increases to level 8!
You shoot an arrow. The arrow hits the gnoll.
The gnoll is almost dead.
The gnoll hits you from afar with a +0 spear.
The gnoll hits you from afar with a +0 heavy spear!
You die...

....))..###.# ############......
.....(......# #.........##......
......)###### #.........##......
#####........# #.........#.......
.#..%........###.........#.......
.......................>.....####
.#...........###...####.##...#
.#.........#.###...##........#
..........(.....@).##.#.####.#
.#.........#.###.####.#.# ...
.#..


.gg # #.# .... .# .. ###g. ... ..... .# ... ..# #.# .... .# ... #.# .# .... .#
..#.. .# You could see 3 gnolls.

Vanquished Creatures
  5 gnolls (D:3)
  2 adders (D:3)
  A dart slug (D:1)
  6 endoplasms
  2 giant cockroaches
  5 hobgoblins
  4 kobolds
  2 quokkas (D:1)
  4 ball pythons
  4 bats
  3 frilled lizards
  3 goblins
  4 rats
45 creatures vanquished.

Notes
Turn   | Place    | Note
-------+----------+-------------------------------------------
     0 | D:1      | qw the Deep Elf Hunter began the quest for the Orb.
     0 | D:1      | Reached XP level 1. HP: 12/12 MP: 3/3
     0 | D:1      | 0 ||| qw: Version: 0.3-a-157-g843a77d
     0 | D:1      | 0 ||| qw: Game counter: 3763
     0 | D:1      | 0 ||| qw: Melee chars always use a shield: true
     0 | D:1      | 0 ||| qw: God list: Okawaru
     0 | D:1      | 0 ||| qw: Allow faded altars: false
     0 | D:1      | 0 ||| qw: Do Orc after clearing Dungeon:15 true
     0 | D:1      | 0 ||| qw: Do second Lair branch before Depths: true
     0 | D:1      | 0 ||| qw: Lair rune preference: random
     0 | D:1      | 0 ||| qw: Goals: Normal
     0 | D:1      | 0 ||| PLANNING D:1-11
    59 | D:1      | Reached XP level 2. HP: 16/16 MP: 4/4
   119 | D:1      | Reached skill level 6 in Ranged Weapons
   667 | D:1      | 667 ||| READING scroll labelled IHIBLOPOATE.
   668 | D:1      | 668 ||| READING scroll labelled CENTUPRIABB.
   668 | D:1      | 668 ||| ENCHANTING +0 shortbow.
   669 | D:1      | 669 ||| READING 5 scrolls labelled BIENLO QEGYTHRA.
   669 | D:1      | 669 ||| IDENTIFYING bubbling blue potion
   670 | D:1      | 670 ||| READING 4 scrolls of identify.
   670 | D:1      | 670 ||| IDENTIFYING 2 scrolls labelled FISODW CYFAA
   671 | D:1      | 671 ||| DROPPING scroll of butterflies.
   920 | D:2      | Reached XP level 3. HP: 20/20 MP: 5/5
  1609 | D:2      | 1609 ||| UPGRADING to +0 pair of boots.
  1614 | D:2      | 1614 ||| READING 2 scrolls of enchant armour.
  1614 | D:2      | 1614 ||| ENCHANTING +0 pair of boots.
  1615 | D:2      | 1615 ||| READING scroll of enchant armour.
  1615 | D:2      | 1615 ||| ENCHANTING +1 pair of boots.
  1616 | D:2      | 1616 ||| READING 5 scrolls of identify.
  1616 | D:2      | 1616 ||| IDENTIFYING scroll labelled HIGALI RIKUTEI
  1617 | D:2      | 1617 ||| READING 4 scrolls of identify.
  1617 | D:2      | 1617 ||| IDENTIFYING scroll labelled AXTURR ZOOCRI
  1618 | D:2      | 1618 ||| READING 3 scrolls of identify.
  1618 | D:2      | 1618 ||| IDENTIFYING scroll labelled LUIHINOVUL
  1619 | D:2      | 1619 ||| DROPPING scroll of amnesia.
  1620 | D:2      | 1620 ||| DROPPING scroll of vulnerability.
  1621 | D:2      | 1621 ||| DROPPING scroll of silence.
  1647 | D:3      | Reached skill level 7 in Ranged Weapons
  1770 | D:3      | Reached XP level 4. HP: 25/25 MP: 6/6
  1866 | D:3      | Reached skill level 8 in Ranged Weapons
  1866 | D:3      | Slain by a gnoll

Levels and vault maps discovered:
D:1:      lemuel_arrival_broad_hall, layout_basic, serial_bayou_lagoon_a
D:2:      layout_basic
D:3:      layout_basic, general_overflow_altar, uniq_jessica, uniq_natasha,
          uniq_robin

Skill      XL: |  1  2  3  4 |
---------------+-------------+-----
Ranged Weapons | 6 7 8 |  8.1
Fighting       | |  1.5
Dodging        | |  2.4
Stealth        | |  1.2

Action                     |  1- 3 |  4- 6 || total
---------------------------+-------+-------++-------
   Fire: Shortbow          |    87 |    33 ||   120
    Use: Scroll            |     9 |       ||     9
 Armour: Leather armour    |    10 |    11 ||    21
  Dodge: Dodged            |    12 |    14 ||    26

Table legend:
 A = Non-vault XP
 B = Vault XP
 C = Vault XP percentage of total XP
 D = Non-vault monster count
 E = Vault monster count
 F = Vault count percentage of total count
                 A         B        C        D         E       F
            +---------+---------+-------+---------+---------+-------
      Total |     160 |       0 |   0.0 |      45 |       0 |   0.0
            +---------+---------+-------+---------+---------+-------
        D:1 |      31 |       0 |   0.0 |      18 |       0 |   0.0
        D:2 |      30 |       0 |   0.0 |      17 |       0 |   0.0
        D:3 |      99 |       0 |   0.0 |      10 |       0 |   0.0
            +---------+---------+-------+---------+---------+-------
